 Dungeon Crawl Stone Soup version 0.19.5 (webtiles) character file.

53 pimpchat the Shield-Bearer (level 3, 0/23 HPs)
             Began as a Gargoyle Fighter on May 4, 2017.
             Killed from afar by an orc wizard (5 damage)
             ... with a magic dart
             ... on level 3 of the Dungeon.
             The game lasted 00:12:01 (1936 turns).

pimpchat the Shield-Bearer (Gargoyle Fighter)       Turns: 1936, Time: 00:12:02

Health: 0/23       AC: 11    Str: 20    XL:     3   Next: 89%
Magic:  3/3        EV:  7    Int:  8    God:
Gold:   113        SH:  9    Dex:  9    Spells: 0 memorised, 2 levels left

rFire  . . .     SeeInvis .     a - +0 flail
rCold  . . .     Gourm    .     b - +0 scale mail
rNeg   + . .     Faith    .     c - +0 shield
rPois  ∞         Spirit   .     e - +0 helmet
rElec  +         Reflect  .     (no cloak)
rCorr  .         Harm     .     (no gloves)
MR     .....                    (no boots)
Stlth  ..........               (no amulet)
                                (no ring)
                                g - ring of flight

@: slowed, very slow
A: negative energy resistance 1, electricity resistance, unbreathing,
petrification resistance, rot immunity, AC +3
a: Evoke Flight


You were on level 3 of the Dungeon.
You were not hungry.

You visited 1 branch of the dungeon, and saw 3 of its levels.

You collected 113 gold pieces.

Inventory:

Hand Weapons
 a - a +0 flail (weapon)
 k - a +0 short sword
 u - a +0 trident
Missiles
 o - 5 tomahawks (quivered)
 p - 12 poisoned needles
 s - 19 arrows
Armour
 b - a +0 scale mail (worn)
 c - a +0 shield (worn)
 e - a +0 helmet (worn)
Jewellery
 g - a ring of flight (left hand)
 m - an uncursed amulet of harm {unknown}
Scrolls
 i - 2 scrolls of amnesia {unknown}
 j - a scroll of enchant weapon {unknown}
 n - a scroll of recharging {unknown}
 r - 3 scrolls of identify {unknown}
Potions
 d - a potion of might
 q - a potion of degeneration {unknown}
 t - 2 potions of lignification {unknown}
Comestibles
 f - a bread ration
 h - 2 meat rations
 l - 2 beef jerkies


   Skills:
 + Level 3.6 Fighting
 + Level 2.6 Maces & Flails
 + Level 0.1 Throwing
 + Level 3.5 Armour
 + Level 0.2 Dodging
 + Level 4.1 Shields


You had 2 spell levels left.
You didn't know any spells.

Dungeon Overview and Level Annotations

Branches:
Dungeon (3/15)

Altars:
Ashenzari
Cheibriados
Makhleb
Okawaru


Innate Abilities, Weirdness & Mutations

You are resistant to torment.
Your stone body is resilient. (AC +3)
You are immune to poison.
You resist negative energy. (rN+)
You are resistant to electric shocks. (rElec)
You can survive without breathing.
You are immune to petrification.
You are immune to rotting.


Message History

You block the orc's attack.
You completely miss the orc wizard.
The orc wizard is heavily wounded.
You block the giant cockroach's attack.
The orc wizard gestures at you while chanting.
The magic dart hits you! The orc hits you but does no damage.
The orc wizard casts a spell at you.
You feel yourself slow down. You block the giant cockroach's attack.
The orc wizard hits you with an enchanted dagger.
* * * LOW HITPOINT WARNING * * *
The orc hits you but does no damage.
The giant cockroach bites you but does no damage.
The orc wizard points at you and mumbles some strange words.
You feel as though you will be slow longer.
The orc wizard barely misses you. You block the orc's attack.
The giant cockroach barely misses you.
The orc wizard hits you but does no damage. x2
The orc wizard gestures at you while chanting.
The magic dart hits you!
You die...

#..................# # #
#..........####....#
#.###. #.........
#.....### ....#.
#............##..#
##....##..........# ##.#
#...../.....#####.#####.##
.._.....#.o...........#..#
.......).os.#####......#.#
....#####o@.## #####....#
###..........########.#..#
#######......##......#.#
#...##.........###
#...#####.......### #####
#.......#....
##.......#..#.
##..#.....##..# ########
##...#####......


You could see 2 orc wizards, an orc and a giant cockroach.

Vanquished Creatures
  An adder (D:3)
  An ooze (D:2)
  A dart slug (D:2)
  2 leopard geckos (D:2)
  2 orcs (D:3)
  A ball python (D:3)
  4 bats
  4 giant cockroaches
  2 hobgoblins
  4 frilled lizards
  5 goblins
  4 kobolds
  2 rats
33 creatures vanquished.

Notes
Turn   | Place    | Note
-------+----------+-------------------------------------------
     0 | D:1      | pimpchat the Gargoyle Fighter began the quest for the Orb.
     0 | D:1      | Reached XP level 1. HP: 14/14 MP: 1/1
   296 | D:1      | Reached XP level 2. HP: 19/19 MP: 2/2
   808 | D:2      | Found a shattered altar of Ashenzari.
   950 | D:2      | Found an iron altar of Okawaru.
  1021 | D:2      | Found a snail-covered altar of Cheibriados.
  1117 | D:2      | Reached XP level 3. HP: 13/23 MP: 3/3
  1564 | D:3      | Reached skill level 4 in Shields
  1914 | D:3      | Found a burning altar of Makhleb.
  1936 | D:3      | Killed from afar by an orc wizard

Skill      XL: |  1  2  3 |
---------------+----------+-----
Shields        | 4 |  4.1
Fighting       | |  3.6
Maces & Flails | |  2.6
Throwing       | |  0.1
Armour         | |  3.5
Dodging        | |  0.2

Action                   || total
-------------------------++-------
Melee: Flail             ||   186
Throw: Tomahawk          ||     5
  Eat: Bread ration      ||     1
Armor: Scale mail        ||   130
Dodge: Dodged            ||    72
Block: Shield            ||   129
